 Dungeon Crawl Stone Soup version 0.31-a0-236-g9a0961fb85 (webtiles) character file.

Game seed: 6843794045612502413

58 qw the Shooter (level 4, 0/26 HPs)
             Began as a Gargoyle Hexslinger on July 10, 2023.
             Slain by a giant cockroach (2 damage)
             ... while paralysed by Ijyb
             ... on level 3 of the Dungeon.
             The game lasted 00:00:33 (1476 turns).

qw the Shooter (Gargoyle Hexslinger)                Turns: 1476, Time: 00:00:33

Health: 0/26       AC:  9    Str: 12    XL:     4   Next: 2%
Magic:  5/5        EV:  2    Int: 13    God:
Gold:   114        SH:  0    Dex: 14    Spells: 4/5 levels left

rFire   . . .        Y - +1 sling
rCold   . . .        (no shield)
rNeg    + . .        i - +0 ring mail
rPois   inf          (no helmet)
rElec   +            f - +0 cloak
rCorr   .            (no gloves)
SInv    +            (no boots)
Will    .....        g - amulet of the acrobat
Stlth   +            h - ring of see invisible
HPRegen 0.24/turn    (no ring)
MPRegen 0.09/turn

%: acrobat
@: paralysed, about to teleport
A: sickness immunity, AC +3, negative energy resistance 1, electricity
resistance, torment resistance 1, petrification resistance
a: no special abilities


You were on level 3 of the Dungeon.
You visited 1 branch of the dungeon, and saw 4 of its levels.

You collected 114 gold pieces.


Innate Abilities, Weirdness & Mutations

You are immune to sickness and miasma.
Your stone body is resilient. (AC +3)
You are immune to poison.
You resist negative energy. (rN+)
You are resistant to electric shocks. (rElec)
You are resistant to unholy torment.
You are immune to petrification.


   Skills:
 - Level 2.0 Fighting
 + Level 3.5 Ranged Weapons
 - Level 1.2 Armour
 - Level 1.5 Dodging
 - Level 1.0 Spellcasting
 - Level 2.6 Hexes


You had 4 spell levels left.
You knew the following spells:

 Your Spells              Type           Power      Damage    Failure   Level
a - Slow                  Hex            28%        N/A       22%         1

Your spell library contained the following spells:

 Spells                   Type           Power      Damage    Failure   Level
 Inner Flame              Hex/Fire       4%         N/A       73%         3
 Portal Projectile        Hex/Tloc       8%         N/A       73%         3
 Cause Fear               Hex            3%         N/A       91%         4

Inventory:

Hand Weapons
 Y - a +1 sling (weapon)
Armour
 f - a +0 cloak (worn)
 i - a +0 ring mail (worn)
Jewellery
 g - an amulet of the acrobat (around neck)
 h - a ring of see invisible (left hand)
Scrolls
 a - a scroll of teleportation
 c - a scroll of enchant weapon {unknown}
Potions
 d - a potion of curing {unknown}
 e - a potion of invisibility {unknown}

Dungeon Overview and Level Annotations

Branches:
Dungeon (4/15)
 Temple: D:4-7

Altars:

Annotations:
D:3 Ijyb


Message History

The giant cockroach bites you but does no damage.
You shoot a sling bullet. The sling bullet closely misses Ijyb.
Ijyb hits you with a +0 club.
The giant cockroach bites you but does no damage.
Ijyb hits you with a +0 club.
You shoot a sling bullet. The sling bullet closely misses Ijyb.
The giant cockroach bites you but does no damage.
The hound bites you but does no damage.
Ijyb screams, "Get away!"
Ijyb closely misses you. The giant cockroach closely misses you.
The hound pauses to sniff the ground.
The hound closely misses you.
You shoot a sling bullet. The sling bullet barely misses Ijyb.
The hound bites you but does no damage. The giant cockroach closely misses you.
Ijyb hits you with a +0 club. The hound bites you.
The giant cockroach bites you but does no damage.
You shoot a sling bullet.
The sling bullet hits Ijyb but does no damage.
Ijyb is lightly wounded.
The hound closely misses you. Ijyb hits you with a +0 club.
The giant cockroach closely misses you. The hound bites you but does no damage.
Ijyb hits you with a +0 club.
A rat comes into view.
You shoot a sling bullet. The sling bullet misses Ijyb.
The giant cockroach bites you but does no damage.
The hound bites you but does no damage. Ijyb closely misses you.
The giant cockroach closely misses you. The hound bites you.
1474 ||| READING 2 scrolls of teleportation.
As you read the scroll of teleportation, it crumbles to dust.
You feel strangely unstable. The hound closely misses you.
The giant cockroach bites you but does no damage.
Ijyb zaps a wand.
You suddenly lose the ability to move!
The hound bites you but does no damage.
The giant cockroach bites you but does no damage.
Ijyb hits you but does no damage. The hound bites you.
The giant cockroach bites you but does no damage.
The hound completely misses you.
Ijyb zaps a wand.
You shrug off the repeated paralysis!
The giant cockroach bites you.
You die...

###+##+##
#.......#
#...(.[.#
####.......#
.......@...#
######hBg...#
#.r....#
#......#
.........
..#########
.. ###


You could see Ijyb, a hound, a giant cockroach and a rat.

Vanquished Creatures
  An adder (D:2)
  3 dart slugs (D:1)
  2 bats
  4 endoplasms
  2 giant cockroaches (D:2)
  9 goblins
  6 hobgoblins
  5 ball pythons
  3 frilled lizards
  3 kobolds
  A rat (D:2)
39 creatures vanquished.

Notes
Turn   | Place    | Note
-------+----------+-------------------------------------------
     0 | D:1      | qw the Gargoyle Hexslinger began the quest for the Orb.
     0 | D:1      | Reached XP level 1. HP: 12/12 MP: 2/2
     0 | D:1      | 0 ||| qw: Version: 0.3-a-52-g30416fa
     0 | D:1      | 0 ||| qw: Game counter: 4572
     0 | D:1      | 0 ||| qw: Melee chars always use a shield: true
     0 | D:1      | 0 ||| qw: God list: Okawaru
     0 | D:1      | 0 ||| qw: Allow faded altars: false
     0 | D:1      | 0 ||| qw: Do Orc after clearing Dungeon:15 true
     0 | D:1      | 0 ||| qw: Do second Lair branch before Depths: true
     0 | D:1      | 0 ||| qw: Lair rune preference: random
     0 | D:1      | 0 ||| qw: Goals: Normal
     0 | D:1      | 0 ||| PLANNING D:1-11
   154 | D:1      | Reached XP level 2. HP: 16/16 MP: 3/3
   267 | D:1      | Reached skill level 3 in Ranged Weapons
   517 | D:1      | Reached XP level 3. HP: 21/21 MP: 4/4
  1058 | D:1      | 1058 ||| UPGRADING to +0 leather armour.
  1068 | D:1      | 1068 ||| DROPPING +0 robe.
  1069 | D:1      | 1069 ||| UPGRADING to +0 cloak.
  1074 | D:1      | 1074 ||| UPGRADING to +0 ring mail.
  1084 | D:1      | 1084 ||| DROPPING +0 leather armour.
  1085 | D:1      | 1085 ||| UPGRADING to amulet of the acrobat.
  1090 | D:1      | 1090 ||| READING scroll labelled EJESUI WIDUAR.
  1093 | D:1      | 1093 ||| READING scroll labelled PEWNAF TIAM.
  1094 | D:1      | 1094 ||| READING scroll labelled ZEYXIU CUBU.
  1095 | D:1      | 1095 ||| DROPPING scroll of poison.
  1141 | D:2      | Reached skill level 1 in Armour
  1232 | D:2      | Reached XP level 4. HP: 26/26 MP: 5/5
  1425 | D:2      | You fall into a shaft and drop 2 floors!
  1457 | D:4      | 1457 ||| UPGRADING to ring of see invisible.
  1458 | D:4      | 1458 ||| READING scroll labelled SUARUC WITS.
  1459 | D:4      | 1459 ||| FLEEEEING.
  1460 | D:4      | 1460 ||| FLEEEEING.
  1461 | D:4      | 1461 ||| FLEEEEING.
  1462 | D:4      | 1462 ||| STAIRDANCE
  1463 | D:3      | Noticed Ijyb
  1473 | D:3      | HP: 6/26 [hound (2)]
  1474 | D:3      | 1474 ||| READING 2 scrolls of teleportation.
  1474 | D:3      | Paralysed by Ijyb for 5 turns
  1475 | D:3      | HP: 2/26 [hound (5)]
  1476 | D:3      | Slain by a giant cockroach

Levels and vault maps discovered:
D:1:      shiori_arrival_elements, layout_loops_corners, nicolae_eternal_life,
          minmay_pentomino_p4
D:2:      layout_basic, serial_bayou, serial_bayou_pond_d, serial_bayou_pond_b,
          serial_bayou_pond_e, serial_bayou_lagoon_a, minmay_goblin_outpost,
          uniq_jessica
D:3:      cheibrodos_greedy_goblins, layout_basic, uniq_ijyb
D:4:      layout_cave_pools, serial_glass, glass_columns_b, glass_columns_a,
          nicolae_shop_fire_sale [nicolae_sub_dead_trees], uniq_duvessa

Skill      XL: |  1  2  3 |
---------------+----------+-----
Ranged Weapons | 3 |  3.5
Fighting       | 2 |  2.0
Armour         | 1 |  1.2
Dodging        | |  1.5
Spellcasting   | |  1.0
Hexes          | |  2.6

Action                     |  1- 3 |  4- 6 || total
---------------------------+-------+-------++-------
   Fire: Sling             |   114 |    13 ||   127
    Use: Scroll            |     3 |     2 ||     5
 Armour: Robe              |     6 |       ||     6
         Ring mail         |    31 |    18 ||    49
  Dodge: Dodged            |    46 |    13 ||    59

Table legend:
 A = Non-vault XP
 B = Vault XP
 C = Vault XP percentage of total XP
 D = Non-vault monster count
 E = Vault monster count
 F = Vault count percentage of total count
                 A         B        C        D         E       F
            +---------+---------+-------+---------+---------+-------
      Total |      66 |      18 |  21.4 |      29 |      10 |  25.6
            +---------+---------+-------+---------+---------+-------
        D:1 |      44 |       4 |   8.3 |      22 |       2 |   8.3
        D:2 |      21 |      14 |  40.0 |       6 |       8 |  57.1
        D:4 |       1 |       0 |   0.0 |       1 |       0 |   0.0
            +---------+---------+-------+---------+---------+-------
